 Dungeon Crawl Stone Soup version 0.24.0-123-gd5b16e6ec5 (webtiles) character file.

Game seed: 2564296310805698378, levelgen mode: deterministic

4 Notrik the Skirmisher (level 1, -1/30 HPs)
             Began as a Hill Orc Berserker on Feb 7, 2020.
             Was a Follower of Trog.
             Slain by a gnoll
             ... wielding a +0 spear
              (12 damage)
             ... on level 1 of the Dungeon.
             The game lasted 00:00:31 (100 turns).

Notrik the Skirmisher (Hill Orc Berserker)           Turns: 100, Time: 00:00:31

Health: -1/30      AC:  2    Str: 24    XL:     1   Next: 70%
Magic:  1/1        EV: 12    Int:  7    God:    Trog [*.....]
Gold:   0          SH:  0    Dex: 10    Spells: 0/0 levels left

rFire    . . .     SeeInvis .   a - +0 hand axe
rCold    . . .     Gourm    .   (no shield)
rNeg     . . .     Faith    .   b - +0 animal skin
rPois    .         Spirit   .   (no helmet)
rElec    .         Reflect  .   (no cloak)
rCorr    .         Harm     .   (no gloves)
MR       .....                  (no boots)
Stlth    ..........             (no amulet)
HPRegen  0.10/turn              (no ring)
MPRegen  0.07/turn              (no ring)

@: berserking, very quick
A: no striking features
a: Berserk, Renounce Religion


You were on level 1 of the Dungeon.
You worshipped Trog.
Trog was aware of your devotion.
You were not hungry.

You visited 1 branch of the dungeon, and saw 1 of its levels.

Inventory:

Hand Weapons
 a - a +0 hand axe (weapon)
Armour
 b - a +0 animal skin (worn)
Scrolls
 c - 3 scrolls of remove curse {unknown}
Comestibles
 e - a ration {!d}


   Skills:
 * Level 4.1 Fighting
 - Level 4.0 Axes
 - Level 2.1 Armour
 - Level 1.5 Dodging


You couldn't memorise any spells.
You didn't know any spells.
Your spell library was empty.

Dungeon Overview and Level Annotations

Branches:
Dungeon (1/15)

Altars:


Message History

Trog accepts your kill. The hobgoblin closely misses you.
You see here a kobold corpse.
You barely miss the hobgoblin.
The hobgoblin hits you but does no damage.
You closely miss the hobgoblin. The hobgoblin hits you with a +0 club.
You hit the hobgoblin.
You kill the hobgoblin!
Trog accepts your kill.
Your Fighting skill increases to level 4!
You see here a +0 club.
Found 3 scrolls labeled COL ECIKKOPYF.
Found a stone staircase leading down.
c - 3 scrolls labeled COL ECIKKOPYF
Found a ring mail.
A bat and a gnoll come into view.
The gnoll shouts!
Found a coppery potion and 14 gold pieces.
The bat closely misses you.
You hit the bat but do no damage. The bat closely misses you.
The bat closely misses you. The bat misses you. The gnoll misses you.
Found a dark potion.
You closely miss the gnoll. The gnoll hits you with a +0 spear!
Ouch! That really hurt!
* * * LOW HITPOINT WARNING * * *
The bat hits you but does no damage.
The bat closely misses you. x2; The gnoll barely misses you.
The bat misses you. The bat hits you but does no damage.
You see here a ring mail.
You are too injured to fight recklessly!
You are too injured to fight recklessly!
You are too injured to fight recklessly!
The bat hits you.
* * * LOW HITPOINT WARNING * * *
The gnoll hits you from afar with a +0 spear.
* * * LOW HITPOINT WARNING * * *
The bat closely misses you. The gnoll misses you.
You hit the gnoll. The gnoll closely misses you. The bat hits you.
* * * LOW HITPOINT WARNING * * *
A red film seems to cover your vision as you go berserk!
You feel yourself moving faster!
You feel mighty!
You feel a lot more hungry. The bat closely misses you.
The gnoll closely misses you.
You closely miss the gnoll. The gnoll closely misses you.
You barely miss the gnoll. You hit the bat.
You kill the bat!
Trog accepts your kill. The gnoll hits you with a +0 spear!
You die...

###### ......######
........... ......#.!.# .#
........#.###.#
......$.!...#.#
........†##.#.#
........g@[.#.###########
......#..##.............##
#.#.. #............##.....
#. #.###..#..>.......## #
#.# #.#....#.###..# #.#
#.#.####.# #..# ... ..#.#
#.# #..# ........# #.#
#..# ....####.# #.# #..#


You could see a gnoll.

Vanquished Creatures
  A hobgoblin (D:1)
  2 kobolds (D:1)
  A bat (D:1)
4 creatures vanquished.

Notes
Turn   | Place    | Note
-------+----------+-------------------------------------------
     0 | D:1      | Notrik the Hill Orc Berserker began the quest for the Orb.
     0 | D:1      | Reached XP level 1. HP: 19/19 MP: 1/1
   100 | D:1      | Slain by a gnoll

Levels and vault maps discovered:
D:1:      nicolae_arrival_memento_mori, layout_loops_ring

Skill      XL: |  1 |
---------------+----+-----
Fighting       | 4 |  4.1
Axes           | |  4.0
Armour         | |  2.1
Dodging        | |  1.5

Action                   || total
-------------------------++-------
Melee: Hand axe          ||    11
Invok: Berserk           ||     1
Armor: Animal skin       ||     3
Dodge: Dodged            ||    17
